 Dungeon Crawl Stone Soup version 0.24-a0-115-gd155597332 (webtiles) character file.

Game seed: 17657326975328267606

73 Hercules1031 the Shield-Bearer (level 4, 0/37 HPs)
             Began as a Formicid Fighter on Feb 17, 2019.
             Slain by Sigmund
             ... wielding a +1 scythe of slicing
              (2 damage)
             ... on level 2 of the Dungeon.
             The game lasted 00:03:12 (1055 turns).

Hercules1031 the Shield-Bearer (Formicid Fighter)   Turns: 1055, Time: 00:03:13

Health: 0/37       AC:  8    Str: 22    XL:     4   Next: 51%
Magic:  4/4        EV:  8    Int:  7    God:
Gold:   69         SH:  9    Dex: 10    Spells: 3/3 levels left

rFire    . . .     SeeInvis +   a - +0 quarterstaff
rCold    . . .     Gourm    .   c - +0 shield
rNeg     . . .     Faith    .   b - +0 scale mail
rPois    .         Spirit   .   (helmet unavailable)
rElec    .         Reflect  .   e - +0 cloak (curse)
rCorr    .         Harm     .   (no gloves)
MR       .....                  (no boots)
Stlth    ..........             (no amulet)
HPRegen  0.12/turn              (no ring)
MPRegen  0.09/turn              (no ring)

@: no status effects
A: permanent stasis, dig shafts and tunnels, four strong arms, antennae 3
a: Dig, Shaft Self


You were on level 2 of the Dungeon.
You were hungry.

You visited 1 branch of the dungeon, and saw 2 of its levels.

You collected 69 gold pieces.

Inventory:

Hand Weapons
 a - a +0 quarterstaff (weapon)
Armour
 b - a +0 scale mail (worn)
 c - a +0 shield (worn)
 e - a cursed +0 cloak (worn)
Scrolls
 g - 2 scrolls of identify {unknown}
 j - a scroll of remove curse {unknown}
 m - a scroll of blinking {unknown}
 n - a scroll of enchant armour {unknown}
 o - a scroll of noise {unknown}
Potions
 d - a potion of might
 h - a potion of heal wounds {unknown}
 i - 2 potions of brilliance {unknown}
 k - a potion of curing {unknown}
 l - a potion of resistance {unknown}
Comestibles
 f - 4 rations


   Skills:
 + Level 3.8 Fighting
 + Level 2.5 Staves
 + Level 3.8 Armour
 + Level 1.2 Dodging
 + Level 4.2 Shields


You had 3 spell levels left.
You didn't know any spells.
Your spell library was empty.

Dungeon Overview and Level Annotations

Branches:
Dungeon (2/15)

Altars:
Elyvilon
The Shining One

Annotations:
D:2 Sigmund


Innate Abilities, Weirdness & Mutations

You cannot be hasted, slowed, berserked, paralysed or teleported.
You can dig through walls and to a lower floor.
Your four strong arms can wield two-handed weapons with a shield.
You have a pair of large antennae on your head. (SInv)


Message History

Sigmund is lightly wounded.
Sigmund hits you but does no damage.
Sigmund points at you and mumbles some strange words.
The puff of flame hits you.
Unknown command.
Sigmund barely misses you.
Sigmund hits you from afar with a +1 scythe of slicing.
You feel less confused.
You hit Sigmund.
Sigmund is moderately wounded.
You block Sigmund's attack.
You hit Sigmund.
Sigmund is heavily wounded.
Sigmund hits you with a +1 scythe of slicing.
* * * LOW HITPOINT WARNING * * *
x2 You hit Sigmund.
Sigmund is heavily wounded.
Sigmund hits you with a +1 scythe of slicing!
* * * LOW HITPOINT WARNING * * *
You die...

#......##########
....#### ....##
.....###### ######
.#.#......# #....#
........#######....#
.⌠............(....#
.......########.@..#
.⌠...#..........@..#
.....#...######....#
.#.#....## #....#
.....##.# ######
##### #.# #.. ###


You could see Sigmund (invisible).

Vanquished Creatures
  A centaur skeleton (D:2)
  An adder (D:2)
  An ooze (D:1)
  A worm (D:2)
  A leopard gecko (D:2)
  3 goblins
  2 hobgoblins (D:1)
  A quokka (D:2)
  2 ball pythons
  4 bats
  4 frilled lizards
  5 kobolds
  3 rats (D:1)
29 creatures vanquished.

Notes
Turn   | Place    | Note
-------+----------+-------------------------------------------
     0 | D:1      | Hercules1031 the Formicid Fighter began the quest for the
                  | Orb.
     0 | D:1      | Reached XP level 1. HP: 18/18 MP: 1/1
   100 | D:1      | Reached XP level 2. HP: 24/24 MP: 2/2
   666 | D:2      | Reached XP level 3. HP: 26/29 MP: 3/3
   688 | D:2      | Found a white marble altar of Elyvilon.
   696 | D:2      | Reached skill level 4 in Shields
   751 | D:2      | Found a glowing golden altar of the Shining One.
   786 | D:2      | Reached skill level 1 in Dodging
   786 | D:2      | Reached XP level 4. HP: 36/37 MP: 4/4
  1037 | D:2      | Noticed Sigmund
  1055 | D:2      | Slain by Sigmund

Levels and vault maps discovered:
D:1:      minmay_arrival_glassed_features, layout_basic, corexii_corridor_pit,
          minmay_stone_trees_medium
D:2:      layout_rooms, lemuel_crystal_altar, elyvilon_altar_5, uniq_sigmund

Skill      XL: |  1  2  3 |
---------------+----------+-----
Shields        | 4 |  4.2
Dodging        | 1 |  1.2
Fighting       | |  3.8
Staves         | |  2.5
Armour         | |  3.8

Action                   |  1- 3 |  4- 6 || total
-------------------------+-------+-------++-------
Melee: Quarterstaff      |    77 |    20 ||    97
Armor: Scale mail        |    37 |     5 ||    42
Dodge: Dodged            |    33 |     2 ||    35
Block: Shield            |    42 |     6 ||    48

Table legend:
 A = Non-vault XP
 B = Vault XP
 C = Vault XP percentage of total XP
 D = Non-vault monster count
 E = Vault monster count
 F = Vault count percentage of total count
                 A         B        C        D         E       F
            +---------+---------+-------+---------+---------+-------
      Total |     105 |       0 |   0.0 |      29 |       0 |   0.0
            +---------+---------+-------+---------+---------+-------
        D:1 |      28 |       0 |   0.0 |      17 |       0 |   0.0
        D:2 |      77 |       0 |   0.0 |      12 |       0 |   0.0
            +---------+---------+-------+---------+---------+-------
